 Dungeon Crawl Stone Soup version 0.32-a0-30-gefbe487952 (webtiles) character file.

Game seed: 16441349327273136747

1624956 totrandom the Cat of Death (level 23, 115/119 HPs)
             Began as a Felid Summoner on Jan 12, 2024.
             Was the Champion of Jiyva.
             Escaped with the Orb
             ... and 3 runes on Jan 19, 2024!
             The game lasted 09:54:00 (65715 turns).

totrandom the Cat of Death (Felid Summoner)        Turns: 65715, Time: 09:54:01

Health: 115/119    AC:  8    Str: 10      XL:     23   Next: 89%
Magic:  46/47      EV: 29    Int: 29 (32) God:    Jiyva [******]
Gold:   1421       SH:  0    Dex: 17      Spells: 0/60 levels left
                                        Lives:  2   Deaths: 4

rFire   + . .        (weapon unavailable)
rCold   + . .        (shield unavailable)
rNeg    . . .        (body armour unavailable)
rPois   +            (helmet unavailable)
rElec   .            (cloak unavailable)
rCorr   +            (gloves unavailable)
SInv    +            (boots unavailable)
Will    +++++        T - amulet of magic regeneration
Stlth   +            L - +6 ring of intelligence
HPRegen 1.99/turn    l - ring of protection from fire
MPRegen 1.50/turn

%: no passive effects
@: studying 3 skills
A: very small, claws 1, fangs 3, see invisible, shaggy fur 3, stealthy paws, no
weapons or thrown items, no armour, multi-lived, horns 3, iridescent scales 2,
strong-willed 2, poison resistance, strong 1, acidic bite, gelatinous body 1,
pseudopods 1, evolution 1, tendrils, jelly absorbing missiles, MP-powered wands,
engulf, persistent drain
0: Orb of Zot
}: 3/15 runes: decaying, serpentine, slimy
a: Renounce Religion, Oozemancy, Slimify


You escaped.
You worshipped Jiyva.
Jiyva was exalted by your worship.
You visited 12 branches of the dungeon, and saw 55 of its levels.
You visited 1 bazaar.
You also visited: Sewer and Wizlab.

You collected 5904 gold pieces.
You spent 4483 gold pieces at shops.

Inventory:

Jewellery
 a - a ring of poison resistance
 e - an amulet of regeneration
 f - a ring of flight
 j - the ring of Happiness {EV+5 Dex+3}
   (You found it on level 3 of the Swamp)

   [ring of evasion]

   EV+5:      It affects your evasion (+5).
   Dex+3:     It affects your dexterity (+3).
 l - a ring of protection from fire (right paw)
 m - a ring of willpower
 D - a +4 ring of protection
 H - a ring of magical power
 L - a +6 ring of intelligence (left paw)
 R - a ring of fire
 S - a ring of protection from fire
 T - an amulet of magic regeneration (around neck)
Talismans
 J - a granite talisman
Wands
 i - a wand of iceblast (35)
 o - a wand of polymorph (11)
 s - a wand of flame (67)
 v - a wand of digging (3)
 y - a wand of charming (31)
 F - a wand of mindburst (13)
 G - a wand of acid (21)
Scrolls
 k - 4 scrolls of silence
 r - 15 scrolls of identify
 t - 3 scrolls of teleportation
 u - 4 scrolls of poison
 z - a scroll of blinking
 B - 4 scrolls of vulnerability
 C - 2 scrolls of fear
 I - 5 scrolls of immolation
 M - 4 scrolls of fog
Potions
 b - 5 potions of enlightenment
 c - a potion of lignification
 d - 6 potions of might
 g - a potion of berserk rage
 h - a potion of haste
 n - a potion of resistance
 p - 2 potions of invisibility
 q - 12 potions of curing
 w - 8 potions of heal wounds
 x - a potion of ambrosia
 A - 5 potions of mutation
 E - a potion of attraction
 K - a potion of brilliance
 P - a potion of cancellation
Miscellaneous
 N - a phantom mirror
 U - a box of beasts


   Skills:
 + Level 12.0 Fighting
 + Level 15.2 Dodging
 - Level 2.6 Stealth
 - Level 19.0 Spellcasting
 - Level 8.0 Hexes
 * Level 18.5 Summonings
 O Level 27 Necromancy
 - Level 17.5 Translocations
 - Level 5.0 Fire Magic
 - Level 5.2 Air Magic
 - Level 5.0 Evocations
 - Level 5.7 Shapeshifting


You couldn't memorise any spells.
You knew the following spells:

 Your Spells              Type           Power      Damage    Failure   Level
a - Apportation           Tloc           100%       N/A       0%          1
b - Blink                 Tloc           100%       N/A       0%          2
d - Death's Door          Necr           55%        N/A       2%          9
e - Death Channel         Necr           55%        N/A       0%          6
g - Summon Blazeheart Go  Fire/Summ      77%        N/A       1%          4
h - Haunt                 Necr/Summ      51%        N/A       1%          7
i - Infestation           Necr           55%        N/A       1%          8
m - Malign Gateway        Summ/Tloc      46%        N/A       1%          7
q - Passage of Golubria   Tloc           92%        N/A       0%          4
A - Anguish               Hex/Necr       46%        N/A       0%          4
H - Summon Horrible Thin  Summ           47%        N/A       4%          8

Your spell library contained the following spells:

 Spells                   Type           Power      Damage    Failure   Level
 Kiss of Death            Conj/Necr      100%       2d13      0%          1
 Necrotise                Necr           100%       1d9       0%          1
 Summon Small Mammal      Summ           100%       N/A       0%          1
 Call Imp                 Summ           100%       N/A       0%          2
 Sublimation of Blood     Necr           100%       N/A       0%          2
 Call Canine Familiar     Summ           94%        N/A       0%          3
 Fugue of the Fallen      Necr           100%       N/A       0%          3
 Manifold Assault         Tloc           92%        N/A       0%          4
 Martyr's Knell           Necr/Summ      100%       N/A       0%          4
 Curse of Agony           Necr           100%       N/A       0%          5
 Magic Dart               Conj           100%       1d8       1%          1
 Sandblast                Erth           54%        2d13      1%          1
 Shock                    Conj/Air       100%       1d9       1%          1
 Cigotuvi's Dreadful Rot  Necr/Alch/Air  100%       N/A       1%          2
 Jinxbite                 Hex            100%       N/A       1%          2
 Summon Ice Beast         Ice/Summ       69%        N/A       1%          3
 Tukima's Dance           Hex            65%        N/A       1%          3
 Volatile Blastmotes      Fire/Tloc      100%       2d18      1%          3
 Iskenderun's Mystic Bla  Conj/Tloc      68%        2d14      1%          4
 Summon Lightning Spire   Summ/Air       77%        N/A       1%          4
 Summon Mana Viper        Hex/Summ       81%        N/A       1%          5
 Monstrous Menagerie      Summ           47%        N/A       1%          7
 Borgnjor's Revivificati  Necr           55%        N/A       1%          8
 Searing Ray              Conj           54%        2d6       2%          2
 Frozen Ramparts          Ice            54%        1d9       4%          3
 Ozocubu's Armour         Ice            27%        N/A       4%          3
 Passwall                 Erth           27%        N/A       4%          3
 Stone Arrow              Conj/Erth      54%        3d10      4%          3
 Flame Wave               Conj/Fire      42%        2d11      5%          4
 Metabolic Englaciation   Hex/Ice        25%        N/A       8%          5
 Yara's Violent Unravell  Hex/Alch       25%        3d11      8%          5
 Disjunction              Tloc           46%        N/A       8%          8
 Brom's Barrelling Bould  Conj/Erth      27%        2d5       14%         4
 Fulminant Prism          Conj/Alch      13%        3d8       14%         4
 Leda's Liquefaction      Alch/Erth      13%        N/A       14%         4
 Petrify                  Alch/Erth      27%        N/A       14%         4
 Fireball                 Conj/Fire      21%        3d10      14%         5
 Spellforged Servitor     Conj/Summ      34%        N/A       28%         7
 Alistair's Intoxication  Alch           18%        N/A       38%         5
 Iskenderun's Battlesphe  Conj           27%        2d8       38%         5
 Lee's Rapid Deconstruct  Erth           13%        3d9*      38%         5
 Conjure Ball Lightning   Conj/Air       21%        3x3d6     61%         6
 Bombard                  Conj/Erth      13%        9d3       92%         6
 Discord                  Hex            32%        N/A       98%         8
 Orb of Destruction       Conj           13%        9d7       100%        7
 Polar Vortex             Ice            13%        12d1*     100%        9
 Animate Armour           Summ/Erth      Unusable   N/A       N/A         4
 Dimensional Bullseye     Hex/Tloc       Unusable   N/A       N/A         4

Dungeon Overview and Level Annotations

Branches:
Dungeon (15/15)            Temple (1/1) D:4            Lair (5/5) D:8
  Swamp (4/4) Lair:2        Snake (4/4) Lair:2        Slime (5/5) Lair:5
    Orc (2/2) D:9             Elf (3/3) Orc:2        Vaults (4/5) D:14
  Crypt (3/3) Vaults:2       Tomb (0/3) Crypt:3      Depths (4/4) D:15
    Zot (5/5) Depths:4      Sewer (visited)          WizLab (visited)

Altars:
Ashenzari
Cheibriados
Dithmenos
Elyvilon
Fedhas
Gozag
Hepliaklqana
Kikubaaqudgha
Makhleb
Nemelex Xobeh
Okawaru
Qazlal
Ru
Sif Muna
Trog
Uskayaw
Vehumet
Wu Jian
Xom
Yredelemnul
Zin
The Shining One
Jiyva

Shops:
D:6 *   D:9 :   D:13 :   Orc:1 *   Orc:2 [(*[:   Elf:2 (*   Elf:3 [(
Vaults:3 [[   Depths:4 [

Portals:
Hell: Depths:1 Depths:2 Depths:3 Depths:4
Abyss: Depths:3 Depths:4
Pandemonium: Depths:2 Depths:4
Ziggurat: Depths:4

Annotations:
D:5 2 transporters, SoakedWettersCrisps's ghost, novice DjFE
D:6 exclusion: steam dragon
Lair:1 2 transporters, theswoord's ghost, novice DsGl
Lair:3 3 runed translucent doors, Nammoc's ghost, journeyman GnWn
Swamp:3 1 transporter, Torious's ghost, adept DECj
Snake:2 exclusion: downstairs
Slime:4 Dissolution
Slime:5 Royal Jelly
Elf:2 5 runed translucent doors
Depths:2 1 transporter


Innate Abilities, Weirdness & Mutations

You have sharp claws.
You have razor-sharp teeth.
You have supernaturally acute eyesight. (SInv)
Your thick and shaggy fur keeps you warm. (AC +3, rC+)
Your paws help you pounce on unaware monsters.
You are incapable of wielding weapons or throwing items.
You cannot wear armour.
You gain extra lives every three experience levels.
You have a pair of large horns on your head.
You are mostly covered in iridescent scales. (AC +4)
You are highly strong-willed. (Will++)
Your system is resistant to poisons. (rPois)
Your muscles are strong. (Str +4, Int/Dex -1)
You have acidic saliva.
Your rubbery body absorbs attacks. (AC +1, EV +1)
Armour fits poorly on your pseudopods.
You have hidden genetic potential.
You are covered in slimy tendrils that may disarm your opponents.
You have a small jelly attached to you that may absorb projectiles.
You expend magic power (3 MP) to strengthen your wands.
Your melee attacks may engulf your foes in ooze.
Your health recovers twice as slowly from being drained.


Message History

The soul eater hits your phantasmal warrior but does no damage.
Your wraith hits the soul eater but does no damage.
Your freezing wraith closely misses the soul eater.
Your freezing wraith hits the soul eater but does no damage.
Your wraith barely misses the soul eater.
Your wraith hits the soul eater.
Your phantasmal warrior hits the soul eater!
The soul eater hits your phantasmal warrior but does no damage.
Your wraith hits the soul eater but does no damage.
Your freezing wraith hits the soul eater!
Your freezing wraith freezes the soul eater!
The soul eater resists.
The soul eater dies!
What level of the Dungeon? (default 1, ? - help)
Okay, then.
HP restored.
Magic restored.
You see here a +0 falchion.
You see here a +3 quarterstaff of draining.
A sixfirhy comes into view.
The sixfirhy moves out of view.
There is an open door here.
A hell beast comes into view.
There is an open door here.
Casting: Haunt (mildly dangerous; 1% risk of failure)
Confirm with . or Enter, or press ? or * to list all spells.
Aiming: Haunt (mildly dangerous; 1% risk of failure)
Press: ? - help, Dir - move target, f - hell beast
Aim: a hell beast Insubstantial figures form in the air.
The hell beast bites your phantasmal warrior.
The hell beast tramples your phantasmal warrior!
Your phantasmal warrior is shoved backwards!
The hell beast bites your phantasmal warrior!!
The hell beast tramples your phantasmal warrior!
Your phantasmal warrior is shoved backwards!
Your phantasmal warrior is destroyed!
Your phantasmal warrior disappears in a puff of smoke!
There is a staircase leading out of the dungeon here.
The hell beast bites you. The hell beast closely misses you.
You have escaped!

#....###.......## #..#.#
......#.........# #....##########
......+..###############.........
......#.##.............##########
#.#...###..#####'#####..# #...
#.#...###.#####...#####.# #.##
#.#..(##..###.....(.###.## #.#
......##...#....)....#...# #.#
###.####...'....@....'...# #.##
#.# #...#...§2....#...# #...
#.#####)###...§...###.## ####
#....##'#####.§.#####+#
#..####...####W###....###
#..##.......##W##.......##
###..#.........#W#.........#
.....#.........W.W....2....#
####.#.........#.#.........#


You could see a hell beast.

Vanquished Creatures
  A deep elf blademaster (Elf:1)
  An acid blob (Slime:1)
  An orc warlord (Orc:2)
  Josephine (Lair:5)
  2 great orbs of eyes (Slime:3)
  3 hydras
  2 anacondas
  A nameless horror (Lair:2)
  A two-headed ogre (D:14)
  A death yak (Lair:5)
  A centaur warrior (D:14)
  A spriggan (Lair:5)
  2 skysharks
  A skeletal warrior (D:14)
  An orc knight (Orc:1)
  2 ugly things (D:14)
  A cyclops (D:15)
  A black mamba (shapeshifter) (D:14)
  An elephant (Lair:5)
  A kobold blastminer (Orc:2)
  A naga mage (Snake:1)
  A black mamba (Snake:1)
  4 cane toads
  A gargoyle (D:10)
  A rime drake (Lair:2)
  3 komodo dragons
  An unseen horror (D:6)
  A freezing wraith (D:14)
  2 polar bears
  6 trolls
  4 hornets
  A boulder beetle zombie (D:15)
  A blink frog (Lair:5)
  9 slime creatures
  A black mamba zombie (Snake:1)
  2 wyverns (Lair:4)
  11 yaks
  A wraith (D:12)
  7 vampire mosquitoes
  A redback (D:15)
  2 nagas (Lair:2)
  An acid dragon (D:13)
  3 orc warriors
  6 wolves
  A kobold brigand (D:8)
  A wight (D:8)
  2 killer bees
  2 howler monkeys
  An electric eel (D:14)
  An orc priest (Orc:2)
  An orc wizard (D:5)
  2 hell rats (Lair:5)
  A naga zombie (Snake:1)
  2 orcs
  3 ball pythons
  A jackal (Sewer)
  2 frilled lizards (Sewer)
  2 orc zombies (D:11)
119 creatures vanquished.

Vanquished Creatures (collateral kills)
  Frederick (Vaults:3)
  Vv (Crypt:3)
  Vashnia (Snake:4)
  Saint Roka (Vaults:3)
  Margery (Vaults:2)
  4 golden dragons
  A bone dragon (Crypt:3)
  A profane servitor (Crypt:3)
  Norris (Depths:2)
  2 doom hounds (Depths:3)
  A hellephant (Vaults:2)
  3 tentacled monstrosities
  Asterion (Vaults:3)
  A walking earthen tome (Depths:3)
  Grunn (Depths:3)
  3 liches
  2 deep elf master archers (Elf:3)
  2 deep elf blademasters (Elf:3)
  3 quicksilver dragons
  6 sphinxes
  An Executioner (D:9)
  5 ancient champions
  6 acid blobs
  An eldritch tentacle (Depths:1)
  Agnes (D:14)
  3 shadow dragons
  A tengu reaver (Depths:3)
  Aizul (Snake:4)
  16 nagarajas
  A death cob (Zot:4)
  A storm dragon (Zot:2)
  6 fire giants
  A draconian knight (Depths:4)
  2 revenants
  6 rockslimes
  3 azure jellies (Slime:1)
  A draconian monk (Depths:4)
  6 deep elf sorcerers
  A ghost moth (Zot:3)
  A caustic shrike zombie (Depths:1)
  4 frost giants
  2 curse skulls
  9 vault wardens
  A draconian scorcher (Zot:1)
  3 iron dragons (Depths:3)
  A balrug (Depths:1)
  4 ghouls
  3 deep elf elementalists (Elf:3)
  An angel (D:11)
  A draconian shifter (Zot:1)
  A reaper (Depths:4)
  A cacodemon (Zot:2)
  12 ironbound preservers
  2 formless jellyfish (Slime:1)
  2 quicksilver oozes (Slime:3)
  A spriggan defender (Depths:3)
  3 orc warlords
  A caustic shrike skeleton (Depths:2)
  6 very ugly things
  A juggernaut skeleton (Depths:2)
  6 vampire knights
  17 stone giants
  4 ironbound thunderhulks
  2 green draconians
  4 deep elf demonologists
  2 eleionomae (Swamp:3)
  2 yellow draconians (Zot:1)
  3 purple draconians
  A red draconian (Zot:1)
  4 deep elf death magi
  3 white draconians
  3 spark wasps
  6 deep elf annihilators
  5 bunyips
  17 dire elephants
  7 ettins
  A crystal guardian (Vaults:3)
  3 eidola
  4 fire dragons
  A green death (Depths:2)
  21 jiangshi
  A shambling mangrove (Swamp:4)
  7 vault guards
  4 deep elf high priests
  8 yaktaur captains
  A great orb of eyes (Slime:2)
  12 ice dragons
  5 salamander tyrants
  10 rakshasas
  3 spriggan air magi
  8 anacondas
  2 hell beasts
  9 centaur warriors
  5 hydras
  2 peacekeepers (Vaults:3)
  3 boulder beetles
  A catoblepas (Lair:1)
  5 alligators
  3 death knights
  4 ironbound frosthearts
  6 two-headed ogres
  10 naga warriors
  6 vampire magi
  2 death yaks (Lair:5)
  22 naga sharpshooters
  22 dancing weapons
  4 deep troll earth magi (Depths:3)
  4 tengu warriors
  A spectral naga (Crypt:3)
  5 deep troll shamans
  An orc high priest (Vaults:3)
  10 shock serpents
  2 sun demons
  2 soul eaters
  13 hell knights
  4 spriggan berserkers
  5 skysharks
  15 deep elf knights
  27 skeletal warriors
  6 sea snakes (Snake:3)
  7 salamander mystics
  A fire crab (shapeshifter) (Elf:2)
  4 goliath frogs
  3 shadow wraiths
  A spriggan rider (Depths:4)
  2 sixfirhies
  A golden dragon zombie (Depths:2)
  5 flayed ghosts
  An anaconda zombie (Snake:2)
  38 deep trolls
  5 mana vipers
  A spark wasp zombie (Depths:2)
  2 spriggan druids (Swamp:4)
  A death drake (Vaults:4)
  13 deep elf archers
  4 arcanists
  7 bog bodies
  A bunyip skeleton (Crypt:1)
  3 lindwurms
  4 swamp dragons
  7 orc knights
  12 phantasmal warriors
  14 ironbound convokers
  7 naga ritualists
  3 spriggan simulacra
  26 deep elf zephyrmancers
  An iron dragon zombie (Depths:2)
  27 deep elf pyromancers
  A tengu skeleton (Depths:2)
  5 necromancers
  A shining eye (Slime:1)
  An ugly thing zombie (D:14)
  A fire giant zombie (Depths:1)
  6 harpies
  An orc sorcerer (Vaults:3)
  5 will-o-the-wisps
  14 ugly things
  4 cyclopes
  A centaur zombie (D:14)
  8 elephants
  16 salamanders
  3 moths of wrath
  37 black mambas
  An eleionoma skeleton (Crypt:2)
  9 vault sentinels
  6 guardian serpents
  5 smoke demons
  A frost giant skeleton (Crypt:2)
  2 kobold blastminers (Orc:2)
  An alligator skeleton (Crypt:1)
  A gargoyle (D:12)
  15 naga magi
  A storm dragon simulacrum (Depths:1)
  A molten gargoyle (Depths:4)
  An unseen horror (D:8)
  8 cane toads
  An eye of devastation (Slime:3)
  A spriggan zombie (Depths:1)
  A purple draconian zombie (Crypt:1)
  A minotaur zombie (Crypt:2)
  10 freezing wraiths
  A dire elephant skeleton (Crypt:2)
  37 yaktaurs
  A minotaur skeleton (Crypt:2)
  2 kobold demonologists
  An efreet (D:15)
  2 komodo dragons
  3 tengu conjurers
  4 rime drakes
  A spark wasp simulacrum (Depths:2)
  A yellow draconian skeleton (Crypt:1)
  A polar bear (shapeshifter) (D:15)
  3 spectral deep trolls (Crypt:2)
  2 trolls
  A bloated husk (Swamp:4)
  5 polar bears
  A harpy zombie (Crypt:3)
  A harpy skeleton (Crypt:2)
  8 hornets
  15 blink frogs
  6 tyrant leeches
  A glass eye (Slime:3)
  2 dream sheep (Lair:5)
  A guardian serpent zombie (Crypt:1)
  A satyr zombie (Crypt:1)
  46 slime creatures
  Sigmund (D:2)
  A centaur simulacrum (D:15)
  An air elemental (Elf:3)
  A wyvern (Lair:2)
  A vampire (D:12)
  A dire elephant simulacrum (Swamp:3)
  5 water elementals
  5 wraiths
  A shapeshifter (Elf:2)
  A black mamba zombie (Snake:2)
  6 shadows
  4 small abominations (Crypt:3)
  15 spriggans
  4 basilisks
  3 fire elementals
  A chaos spawn (Depths:4)
  19 yaks
  A minotaur simulacrum (Swamp:3)
  A redback (D:15)
  A neqoxec (D:2)
  4 swamp worm simulacra (Swamp:4)
  3 vampire mosquitoes
  33 nagas
  13 swamp worms
  4 acid dragons
  A glowing shapeshifter skeleton (Depths:2)
  9 hydra simulacra (Swamp:4)
  12 water moccasins
  7 swamp drakes
  2 sky beasts
  19 orc warriors
  A deep troll skeleton (Crypt:1)
  4 black bears (Lair:5)
  21 laughing skulls
  5 ogres
  21 wolves
  A naga zombie (Snake:1)
  5 boggarts
  9 centaurs
  A phantom (D:5)
  A weeping skull (Crypt:3)
  6 kobold brigands
  13 bullfrogs
  4 necrophages
  2 brain worms (Sewer)
  4 scorpions
  4 deep troll simulacra (Swamp:3)
  7 earth elementals
  A gnoll sergeant (D:9)
  10 wights
  4 burial acolytes (Crypt:3)
  12 killer bees
  9 howler monkeys
  4 electric eels
  5 nameless horrors
  2 bombardier beetles
  7 hounds
  2 lava snakes (D:7)
  2 jellies (D:5)
  A gnoll bouda (D:3)
  15 orc priests
  A bullfrog skeleton (Crypt:2)
  A scorpion zombie (Crypt:1)
  A sleepcap (D:5)
  Terence (D:2)
  5 hell rats (Lair:5)
  4 iguanas
  17 orc wizards
  An acid dragon zombie (D:13)
  A howler monkey zombie (D:12)
  7 gnolls
  11 adders
  3 river rats (Sewer)
  A shadow imp (D:5)
  A white imp (D:6)
  2 ufetubi (D:5)
  4 swamp drake simulacra (Swamp:4)
  An adder zombie (D:3)
  An iguana skeleton (Crypt:1)
  2 dart slugs (D:1)
  51 orcs
  10 ball pythons
  2 bats
  8 endoplasms
  5 giant cockroaches
  6 goblins
  6 hobgoblins
  12 jackals
  30 kobolds
  A quokka (D:5)
  3 frilled lizards
  A jackal zombie (D:3)
  A kobold zombie (D:11)
  4 rats
1622 creatures vanquished.

Vanquished Creatures (others)
  An ancient lich (Crypt:3)
  A deep elf master archer (Elf:3)
  10 acid blobs
  21 eldritch tentacles
  8 rockslimes
  7 azure jellies
  A frost giant (Depths:4)
  A deep elf sorcerer (Elf:3)
  A vault warden (Vaults:1)
  A spriggan defender (Depths:2)
  An orc warlord (Vaults:4)
  3 ironbound preservers
  2 formless jellyfish
  3 very ugly things (Depths:4)
  7 quicksilver oozes
  A black draconian (Depths:4)
  3 dire elephants (Vaults:1)
  A spark wasp (Depths:2)
  An ettin (Depths:4)
  A yaktaur captain (Vaults:3)
  A fire dragon (Depths:3)
  2 ice dragons (Depths:4)
  A spriggan air mage (Depths:2)
  2 hydras
  5 great orbs of eyes
  2 vault guards (Vaults:1)
  The ghost of DEFE the Severer, a journeyman DsWn of Qazlal (D:11)
  4 ironbound frosthearts
  4 centaur warriors
  An alligator (Swamp:2)
  An anaconda (Snake:1)
  2 naga warriors
  A tengu warrior (Depths:4)
  A boulder beetle (Vaults:1)
  A death yak (Lair:5)
  A deep troll shaman (Depths:4)
  2 naga sharpshooters (Snake:4)
  A spriggan berserker (Depths:3)
  5 hell knights
  A shock serpent (Snake:2)
  A goliath frog (Swamp:1)
  A salamander mystic (Snake:4)
  2 glowing orange brains
  12 deep trolls
  A deep elf archer (Elf:3)
  A phantasmal warrior (Vaults:1)
  A swamp dragon (Swamp:1)
  2 ironbound convokers
  5 orc knights
  5 harpies
  2 ugly things
  2 deep elf zephyrmancers (Elf:1)
  A lindwurm (Vaults:3)
  7 salamanders
  A manticore (D:15)
  5 black mambas
  2 elephants (Lair:5)
  6 kobold blastminers
  2 glass eyes
  6 yaktaurs
  3 trolls
  2 bloated husks
  A hornet (Depths:4)
  A tyrant leech (Swamp:1)
  2 dream sheep (Lair:5)
  A nameless horror (Snake:1)
  A blink frog (Lair:5)
  A water elemental (Depths:1)
  2 air elementals (Elf:1)
  58 slime creatures
  A yak (Lair:1)
  A spriggan (Depths:4)
  2 wraiths
  A fire elemental (Elf:1)
  A warg (Orc:1)
  A swamp worm (shapeshifter) (Depths:2)
  8 nagas
  3 swamp worms
  3 hydra simulacra (Swamp:4)
  A water moccasin (Lair:5)
  10 orc warriors
  2 boggarts (Vaults:2)
  2 ogres (Orc:1)
  2 laughing skulls
  9 wolves (Lair:5)
  2 centaurs (Orc:2)
  A necrophage (Crypt:3)
  194 jellies
  An electric eel (Snake:3)
  2 howler monkeys
  6 orc priests
  A bullfrog skeleton (Crypt:2)
  10 orcs
  110 blazeheart cores
  15 foxfires
640 creatures vanquished.

Grand Total: 2381 creatures vanquished

Notes
Turn   | Place    | Note
-------+----------+-------------------------------------------
     0 | D:1      | totrandom the Felid Summoner began the quest for the Orb.
     0 | D:1      | Reached XP level 1. HP: 9/9 MP: 4/4
   446 | D:1      | Reached XP level 2. HP: 13/13 MP: 6/6
  1132 | D:1      | Reached XP level 3. HP: 16/16 MP: 4/8
  1136 | D:1      | Learned a level 3 spell: Call Canine Familiar
  1597 | D:2      | Noticed Terence
  1611 | D:2      | Killed Terence
  1923 | D:2      | Found a faded altar of an unknown god.
  2287 | D:2      | Found an iron altar of Okawaru.
  2659 | D:2      | Noticed Sigmund
  2699 | D:2      | Reached XP level 4. HP: 21/21 MP: 6/9
  2699 | D:2      | Gained a life (2 lives remaining)
  3053 | D:2      | Learned a level 4 spell: Summon Blazeheart Golem
  3269 | D:3      | Found a basalt altar of Yredelemnul.
  3366 | D:3      | Reached skill level 5 in Summonings
  3572 | D:3      | Reached skill level 1 in Fire Magic
  3572 | D:3      | Reached XP level 5. HP: 24/24 MP: 2/11
  4304 | D:4      | Noticed a sky beast
  4340 | D:4      | Killed a sky beast
  4341 | D:4      | Gained mutation: You are covered in thick fur. (AC +2)
                  | [Felid growth]
  4341 | D:4      | Reached XP level 6. HP: 28/28 MP: 6/13
  4366 | D:4      | Found a staircase to the Ecumenical Temple.
  4375 | Temple   | Entered the Ecumenical Temple
  4384 | Temple   | Became a worshipper of Kikubaaqudgha
  4433 | D:4      | Found a shadowy altar of Dithmenos.
  4542 | D:4      | Found a glowing drain.
  4573 | Sewer    | Entered a sewer
  4923 | Sewer    | Reached XP level 7. HP: 32/32 MP: 7/15
  4928 | Sewer    | Learned a level 4 spell: Summon Lightning Spire
  5195 | Sewer    | Reached * piety under Kikubaaqudgha
  5195 | Sewer    | Received a gift from Kikubaaqudgha
  5273 | Sewer    | Reached skill level 1 in Air Magic
  6050 | D:5      | Entered Level 5 of the Dungeon
  6178 | D:5      | Found a transporter.
  6223 | D:5      | Reached skill level 5 in Spellcasting
  6311 | D:5      | Noticed SoakedWettersCrisps's ghost (novice DjFE)
  6313 | D:5      | Found a transporter.
  6665 | D:5      | Reached XP level 8. HP: 36/36 MP: 9/16
  7689 | D:6      | Noticed an unseen horror
  7920 | D:6      | Reached skill level 5 in Fire Magic
  8006 | D:5      | Reached skill level 1 in Fighting
  8102 | D:5      | Found a transporter.
  8300 | D:5      | Found a transporter.
  9147 | D:6      | Reached ** piety under Kikubaaqudgha
  9148 | D:6      | Reached skill level 5 in Dodging
  9490 | D:6      | Reached XP level 9. HP: 42/42 MP: 12/18
  9929 | D:6      | HP: 1/43 [spore (42)]
  9929 | D:6      | Killed an unseen horror
 10010 | D:6      | Found Qanybyf's Assorted Antiques.
 10020 | D:6      | Bought a scroll labelled QOTUPSA RAON for 27 gold pieces
 10020 | D:6      | Bought a red potion for 24 gold pieces
 12964 | D:8      | Noticed a troll
 12999 | D:8      | Reached XP level 10. HP: 51/51 MP: 9/21
 13009 | D:8      | Reached *** piety under Kikubaaqudgha
 13009 | D:8      | Received a gift from Kikubaaqudgha
 13010 | D:8      | Reached skill level 5 in Air Magic
 13032 | D:8      | Learned a level 4 spell: Anguish
 13310 | D:8      | Reached skill level 1 in Hexes
 13435 | D:8      | Found an opulent altar of Gozag.
 13740 | D:2      | Killed Sigmund
 13939 | D:8      | Found a hide-covered altar of Uskayaw.
 14076 | D:8      | Found a staircase to the Lair.
 14750 | D:8      | Identified the +1 leather armour of the Evening Star
                  | {+Blink +Inv rCorr}
 15071 | D:9      | Noticed a two-headed ogre
 15123 | D:9      | Killed a two-headed ogre
 15124 | D:9      | Reached skill level 5 in Fighting
 15124 | D:9      | Reached skill level 10 in Dodging
 15124 | D:9      | Reached skill level 1 in Necromancy
 15164 | D:9      | Found a staircase to the Orcish Mines.
 15240 | D:9      | Found Ceephi's Book Shoppe.
 15248 | D:9      | Bought a book of Minor Magic for 208 gold pieces
 15251 | D:9      | Learned a level 2 spell: Blink
 15638 | D:9      | Reached skill level 2 in Necromancy
 15810 | D:9      | Noticed a smoke demon
 15962 | Lair:1   | Entered Level 1 of the Lair of Beasts
 15987 | Lair:1   | Noticed a catoblepas
 16009 | Lair:1   | Reached skill level 5 in Hexes
 16009 | Lair:1   | Reached skill level 1 in Translocations
 16009 | Lair:1   | Reached skill level 1 in Evocations
 16135 | Lair:1   | Reached XP level 11. HP: 56/56 MP: 16/23
 16186 | Lair:1   | Noticed a spriggan rider
 16188 | Lair:1   | Found a transporter.
 16188 | Lair:1   | Noticed a spriggan rider
 16189 | Lair:1   | Noticed theswoord's ghost (novice DsGl)
 16458 | Lair:1   | Reached skill level 3 in Necromancy
 16458 | Lair:1   | Reached **** piety under Kikubaaqudgha
 16961 | Lair:1   | Killed a catoblepas
 17184 | Lair:1   | Found a transporter.
 17191 | Lair:1   | Found a bloodstained altar of Trog.
 17534 | Lair:2   | Found a staircase to the Swamp.
 17926 | Lair:2   | Reached skill level 4 in Necromancy
 18456 | Lair:2   | Found a staircase to the Snake Pit.
 18664 | Lair:2   | Reached skill level 5 in Translocations
 18765 | Lair:3   | Noticed a seven-headed hydra
 18781 | Lair:3   | Killed a seven-headed hydra
 18789 | Lair:3   | Gained mutation: Your thick and shaggy fur keeps you warm.
                  | (AC +3, rC+) [Felid growth]
 18789 | Lair:3   | Reached XP level 12. HP: 63/63 MP: 6/25
 18993 | Lair:3   | Reached skill level 10 in Summonings
 19196 | Lair:3   | Reached skill level 5 in Necromancy
 19271 | Lair:3   | Found a runed translucent gate.
 19271 | Lair:3   | Found a runed translucent gate.
 19272 | Lair:3   | Found a runed translucent gate.
 19280 | Lair:3   | Noticed Nammoc's ghost (journeyman GnWn)
 20299 | Lair:4   | Reached ***** piety under Kikubaaqudgha
 20306 | Lair:4   | Reached skill level 6 in Necromancy
 20751 | Lair:4   | Reached skill level 5 in Evocations
 20962 | Lair:4   | Reached skill level 7 in Necromancy
 21473 | Lair:4   | Upgraded the game from 0.31-a0-1626-g5cb510d322 to
                  | 0.32-a0-17-gb74e046682
 21489 | Lair:5   | Entered Level 5 of the Lair of Beasts
 21646 | Lair:5   | Found a viscous altar of Jiyva.
 21647 | Lair:5   | Found a staircase to the Slime Pits.
 21715 | Lair:5   | Reached XP level 13. HP: 28/70 MP: 4/27
 21716 | Lair:5   | Annihilated by a cane toad
 21716 | Lair:5   | Lost a life (1 life remaining)
 22501 | Lair:5   | Reached skill level 8 in Necromancy
 23150 | Lair:5   | Noticed Josephine
 23203 | Lair:5   | Reached skill level 10 in Fighting
 23210 | Lair:5   | Learned a level 6 spell: Death Channel
 24119 | Lair:5   | Reached skill level 10 in Spellcasting
 24122 | Lair:5   | Reached skill level 9 in Necromancy
 24334 | Lair:5   | Killed Josephine
 24335 | Lair:5   | Reached skill level 10 in Necromancy
 26069 | Lair:5   | Reached ****** piety under Kikubaaqudgha
 26115 | Lair:5   | Received a gift from Kikubaaqudgha (forbidden knowledge)
 26264 | D:10     | Entered Level 10 of the Dungeon
 26560 | D:10     | Reached skill level 11 in Necromancy
 26730 | D:10     | Reached XP level 14. HP: 77/77 MP: 26/29
 26730 | D:10     | Gained a life (2 lives remaining)
 27379 | Orc:1    | Entered Level 1 of the Orcish Mines
 27686 | Orc:2    | Entered Level 2 of the Orcish Mines
 28000 | Orc:1    | Noticed an orc warlord
 28212 | Orc:2    | Found Emnotsi's Antique Armour Shop.
 28329 | Orc:2    | Noticed an orc warlord
 28544 | Orc:2    | Killed an orc warlord
 28827 | Orc:2    | Found a staircase to the Elven Halls.
 28981 | Orc:1    | Found Moryt's General Store.
 29002 | Orc:1    | Bought a wand of polymorph (2) for 36 gold pieces
 29002 | Orc:1    | Bought a scroll of teleportation for 39 gold pieces
 29665 | Orc:1    | Bought a wand of charming (6) for 187 gold pieces
 29794 | Orc:2    | Reached skill level 12 in Necromancy
 30134 | Orc:2    | Found Kelaah's Armour Boutique.
 30134 | Orc:2    | Found Buhenkagh's Assorted Antiques.
 30136 | Orc:2    | Found Meefedd's Antique Weapon Emporium.
 30138 | Orc:2    | Found Qausch's Book Shop.
 30153 | Orc:2    | Bought 2 potions of haste for 460 gold pieces
 30153 | Orc:2    | Bought 2 bubbling inky potions for 41 gold pieces
 30212 | Orc:1    | Bought 2 scrolls of identify for 52 gold pieces
 30281 | Orc:1    | Killed an orc warlord
 31403 | Lair:5   | Found a viscous altar of Jiyva.
 31413 | Lair:5   | Found a staircase to the Slime Pits.
 31554 | Slime:1  | Entered Level 1 of the Pits of Slime
 31554 | Slime:1  | Noticed a rockslime
 31554 | Slime:1  | Noticed an azure jelly
 31554 | Slime:1  | Noticed an azure jelly
 31564 | Slime:1  | Noticed an acid blob
 31569 | Slime:1  | Killed an azure jelly
 31575 | Slime:1  | Killed an azure jelly
 31576 | Slime:1  | Noticed an acid blob
 31576 | Slime:1  | Killed a rockslime
 31581 | Slime:1  | Killed an acid blob
 31582 | Slime:1  | Reached skill level 13 in Necromancy
 31631 | Slime:2  | Noticed an acid blob
 31639 | Slime:2  | Killed an acid blob
 31655 | Slime:2  | Noticed a rockslime
 31660 | Slime:2  | Reached skill level 14 in Necromancy
 31661 | Slime:2  | Killed a rockslime
 31683 | Slime:2  | Noticed a rockslime
 31689 | Slime:2  | Noticed a rockslime
 31689 | Slime:2  | Killed a rockslime
 31693 | Slime:2  | Killed a rockslime
 31696 | Slime:2  | Noticed a rockslime
 31870 | Slime:1  | Noticed a formless jellyfish
 31872 | Slime:1  | Noticed a formless jellyfish
 31873 | Slime:1  | Noticed an acid blob
 31873 | Slime:1  | Noticed a rockslime
 31878 | Slime:1  | Killed a rockslime
 31884 | Slime:1  | Killed a formless jellyfish
 31888 | Slime:1  | Reached XP level 15. HP: 80/80 MP: 13/32
 31912 | Slime:1  | Noticed an azure jelly
 31917 | Slime:1  | Killed an azure jelly
 31918 | Slime:1  | Reached skill level 15 in Necromancy
 32011 | Slime:2  | Killed a rockslime
 32051 | Slime:2  | Learned a level 7 spell: Haunt
 32214 | Slime:3  | Noticed an acid blob
 32221 | Slime:3  | Noticed a rockslime
 32225 | Slime:3  | Killed an acid blob
 32238 | Slime:3  | Noticed an acid blob
 32371 | Slime:3  | Noticed an acid blob
 32375 | Slime:3  | Noticed an acid blob
 32378 | Slime:3  | Noticed a rockslime
 32379 | Slime:3  | Killed an acid blob
 32393 | Slime:3  | Killed an acid blob
 32404 | Slime:3  | Noticed an acid blob
 32409 | Slime:3  | Killed an acid blob
 32410 | Slime:3  | Reached skill level 16 in Necromancy
 33228 | Slime:4  | Noticed Dissolution
 33273 | Lair:5   | Fell from the grace of Kikubaaqudgha
 33273 | Lair:5   | Became a worshipper of Jiyva Jumnanne the Shapeless
 33283 | Lair:5   | Learned a level 8 spell: Infestation
 33486 | D:11     | Killed DEFE's ghost
 33825 | D:11     | Reached * piety under Jiyva
 33968 | D:11     | Found a runed translucent gate.
 33968 | D:11     | Found a runed translucent gate.
 33968 | D:11     | Found a runed translucent gate.
 34239 | D:11     | Reached ** piety under Jiyva
 34432 | D:11     | Found a viscous altar of Jiyva.
 35368 | D:12     | Reached *** piety under Jiyva
 35397 | D:12     | Reached skill level 17 in Necromancy
 36330 | D:13     | Gained mutation: Your muscles are strong. (Str +4, Int/Dex
                  | -1) [Jiyva's grace]
 36330 | D:13     | Gained mutation: Your muscles are very strong. (Str +8,
                  | Int/Dex -2) [Jiyva's grace]
 36330 | D:13     | Gained mutation: You have acidic saliva. [Jiyva's grace]
 36330 | D:13     | Gained mutation: You have very sharp fingernails. [Jiyva's
                  | grace]
 36465 | D:13     | Found Hibedgh's Vocational Training.
 37168 | D:14     | Reached **** piety under Jiyva
 37170 | D:14     | Found a gate to the Vaults.
 37254 | D:14     | Noticed Agnes
 37389 | D:14     | Killed Agnes
 37490 | D:14     | Reached XP level 16. HP: 73/74 MP: 24/33
 37604 | D:14     | Found a sacrificial altar of Ru.
 37810 | D:15     | Entered Level 15 of the Dungeon
 37987 | D:15     | Found a staircase to the Depths.
 37998 | D:15     | Reached skill level 18 in Necromancy
 38087 | D:15     | Reached ***** piety under Jiyva
 38386 | D:15     | Lost mutation: You have very sharp fingernails. [Jiyva's
                  | grace]
 38386 | D:15     | Gained mutation: Your flesh is cold resistant. (rC+)
                  | [Jiyva's grace]
 38386 | D:15     | Gained mutation: Your flesh is very cold resistant. (rC++)
                  | [Jiyva's grace]
 38386 | D:15     | Gained mutation: Your flesh is almost immune to the effects
                  | of cold. (rC+++) [Jiyva's grace]
 38386 | D:15     | Gained mutation: Your rubbery body absorbs attacks. (AC +1,
                  | EV +1) [Jiyva's grace]
 38827 | Snake:1  | Entered Level 1 of the Snake Pit
 38839 | Snake:1  | Identified the +6 great sword "Leviticus" {freeze, *Corrode
                  | ^Fragile rN+ Will+ Stlth+}
 39141 | Snake:1  | Killed from afar by a naga ritualist
 39141 | Snake:1  | Lost a life (1 life remaining)
 39837 | Snake:2  | Reached skill level 19 in Necromancy
 39959 | Snake:2  | Upgraded the game from 0.32-a0-17-gb74e046682 to
                  | 0.32-a0-18-g89e19f1974
 40835 | Snake:3  | Reached ****** piety under Jiyva
 41015 | Slime:4  | Learned a level 4 spell: Passage of Golubria
 41023 | Slime:5  | Entered Level 5 of the Pits of Slime
 41024 | Slime:5  | Found a viscous altar of Jiyva.
 41026 | Slime:5  | Found the +2 hat of the Bear Spirit {Spirit, Bear, *Rage
                  | Will++}
 41049 | Slime:5  | Noticed an acid blob
 41088 | Slime:5  | Got the Commentary on the Icicle and Blasts
 41101 | Slime:5  | Got a slimy rune of Zot
 41186 | Slime:5  | Noticed the Royal Jelly
 41292 | Slime:5  | Noticed an acid blob
 41364 | Slime:5  | Was forgiven by Kikubaaqudgha
 41444 | Slime:4  | Noticed an acid blob
 41445 | Slime:4  | Noticed an acid blob
 41445 | Slime:4  | Noticed an acid blob
 41800 | Snake:3  | Reached skill level 20 in Necromancy
 41877 | Snake:3  | Lost mutation: You have acidic saliva. [Jiyva's grace]
 41877 | Snake:3  | Lost mutation: Your rubbery body absorbs attacks. (AC +1,
                  | EV +1) [Jiyva's grace]
 41877 | Snake:3  | Gained mutation: Your melee attacks may engulf your foes in
                  | ooze. [Jiyva's grace]
 41877 | Snake:3  | Gained mutation: You have acidic saliva. [Jiyva's grace]
 41877 | Snake:3  | Gained mutation: You possess an exceptional clarity of
                  | mind. [Jiyva's grace]
 41877 | Snake:3  | Gained mutation: You have a somewhat thin skeletal
                  | structure. (Dex +2, Stealth+) [Jiyva's grace]
 41917 | Snake:3  | Reached XP level 17. HP: 89/89 MP: 18/36
 41917 | Snake:3  | Gained a life (2 lives remaining)
 42651 | Snake:4  | Entered Level 4 of the Snake Pit
 42670 | Snake:4  | Identified a scroll of acquirement
 42671 | Snake:4  | Acquired 903 gold pieces
 42692 | Snake:4  | Reached skill level 21 in Necromancy
 42743 | Snake:4  | Identified the serpent talisman of Spite {rN+ Int-2 Dex+3}
 42743 | Snake:4  | Noticed Aizul
 42745 | Snake:4  | Noticed Vashnia
 42751 | Snake:4  | Killed Aizul
 42756 | Snake:4  | Killed Vashnia
 42822 | Snake:4  | Reached skill level 22 in Necromancy
 42872 | Snake:4  | Got a serpentine rune of Zot
 43025 | Snake:4  | Reached XP level 18. HP: 93/93 MP: 18/37
 43105 | Snake:4  | Reached skill level 23 in Necromancy
 43552 | Lair:2   | Upgraded the game from 0.32-a0-18-g89e19f1974 to
                  | 0.32-a0-19-g28bc0835a1
 43554 | Swamp:1  | Entered Level 1 of the Swamp
 44324 | Swamp:2  | Lost mutation: You possess an exceptional clarity of mind.
                  | [Jiyva's grace]
 44324 | Swamp:2  | Lost mutation: Your muscles are very strong. (Str +8,
                  | Int/Dex -2) [Jiyva's grace]
 44324 | Swamp:2  | Gained mutation: You are covered in slimy tendrils that may
                  | disarm your opponents. [Jiyva's grace]
 44324 | Swamp:2  | Gained mutation: You have a pair of small horns on your
                  | head. [Jiyva's grace]
 44324 | Swamp:2  | Gained mutation: You have a pair of horns on your head.
                  | [Jiyva's grace]
 44324 | Swamp:2  | Gained mutation: You have a pair of large horns on your
                  | head. [Jiyva's grace]
 44570 | Swamp:3  | Found a transporter.
 44609 | Swamp:3  | Found a transporter.
 44620 | Swamp:3  | Noticed Torious's ghost (adept DECj)
 44764 | Swamp:3  | Found a glacial archway.
 44810 | Swamp:3  | Reached skill level 15 in Spellcasting
 45264 | Swamp:4  | Entered Level 4 of the Swamp
 45425 | Swamp:4  | Noticed a tentacled monstrosity
 45430 | Swamp:4  | Killed a tentacled monstrosity
 45851 | Swamp:4  | Learned a level 9 spell: Death's Door
 45935 | Swamp:4  | Got a decaying rune of Zot
 46035 | Swamp:3  | Annihilated by a goliath frog
 46035 | Swamp:3  | Lost a life (1 life remaining)
 46178 | Swamp:3  | Identified the ring of Happiness {EV+5 Dex+3}
 46493 | Elf:1    | Entered Level 1 of the Elven Halls
 46512 | Elf:1    | Found a radiant altar of Vehumet.
 46579 | Elf:1    | Lost mutation: You have a pair of large horns on your head.
                  | [Jiyva's grace]
 46579 | Elf:1    | Lost mutation: Your flesh is almost immune to the effects
                  | of cold. (rC+++) [Jiyva's grace]
 46579 | Elf:1    | Lost mutation: Your flesh is very cold resistant. (rC++)
                  | [Jiyva's grace]
 46579 | Elf:1    | Lost mutation: You have acidic saliva. [Jiyva's grace]
 46579 | Elf:1    | Lost mutation: Your melee attacks may engulf your foes in
                  | ooze. [Jiyva's grace]
 46579 | Elf:1    | Gained mutation: Your body has grown eyes which may confuse
                  | attackers. (Acc +3) [Jiyva's grace]
 46579 | Elf:1    | Gained mutation: Your body has grown many eyes which may
                  | confuse attackers. (Acc +5) [Jiyva's grace]
 46579 | Elf:1    | Gained mutation: Your body is covered in eyes which may
                  | confuse attackers. (Acc +7, SInv) [Jiyva's grace]
 46579 | Elf:1    | Gained mutation: You have a small jelly attached to you
                  | that senses nearby items. [Jiyva's grace]
 46619 | Elf:1    | Reached skill level 24 in Necromancy
 47188 | Elf:1    | Found a gateway to a bazaar.
 47221 | Elf:1    | Found a huge runed translucent gate.
 47221 | Elf:1    | Identified the +6 whip of Zin's Righteous Anger {freeze,
                  | rN+ Int+4 Dex+5}
 47226 | Elf:1    | Reached XP level 19. HP: 98/98 MP: 21/39
 47226 | Elf:1    | Gained a life (2 lives remaining)
 47236 | Elf:1    | Found a huge runed translucent gate.
 47237 | Elf:1    | Found a huge runed translucent gate.
 47237 | Elf:1    | Found a huge runed translucent gate.
 47238 | Elf:1    | Found a huge runed translucent gate.
 47239 | Elf:1    | Found a huge runed translucent gate.
 47239 | Elf:1    | Found a huge runed translucent gate.
 47239 | Elf:1    | Found a huge runed translucent gate.
 47239 | Elf:1    | Found a huge runed translucent gate.
 47239 | Elf:1    | Found a huge runed translucent gate.
 47239 | Elf:1    | Found a huge runed translucent gate.
 47239 | Elf:1    | Found a huge runed translucent gate.
 47240 | Elf:1    | Found a huge runed translucent gate.
 47240 | Elf:1    | Found a huge runed translucent gate.
 47240 | Elf:1    | Found a huge runed translucent gate.
 47240 | Elf:1    | Found a huge runed translucent gate.
 47240 | Elf:1    | Found a huge runed translucent gate.
 47240 | Elf:1    | Found a huge runed translucent gate.
 47241 | Elf:1    | Found a huge runed translucent gate.
 47241 | Elf:1    | Found a huge runed translucent gate.
 47299 | Bazaar   | Entered a bazaar
 47304 | Bazaar   | Found Qahuzic's Book Shoppe.
 47305 | Bazaar   | Found Naaret's Armour Emporium.
 47325 | Bazaar   | Found Direxaas's Antique Armour Shop.
 47325 | Bazaar   | Found Qywnacudao's Weapon Boutique.
 47485 | Elf:2    | Found Neun's Antique Weapon Emporium.
 47490 | Elf:2    | Found Nimni's Assorted Antiques.
 47697 | Elf:2    | Reached skill level 25 in Necromancy
 47942 | Elf:2    | Found a huge runed translucent gate.
 47942 | Elf:2    | Found a huge runed translucent gate.
 47944 | Elf:2    | Found a huge runed translucent gate.
 47944 | Elf:2    | Found a huge runed translucent gate.
 47945 | Elf:2    | Found a huge runed translucent gate.
 48150 | Elf:2    | Learned a level 1 spell: Apportation
 48187 | Elf:3    | Entered Level 3 of the Elven Halls
 48233 | Elf:3    | Found a magical portal.
 48296 | WizLab   | Entered Borgnjor's Mausoleum
 48367 | Elf:3    | Lost mutation: You have a somewhat thin skeletal structure.
                  | (Dex +2, Stealth+) [Jiyva's grace]
 48367 | Elf:3    | Lost mutation: You have a small jelly attached to you that
                  | senses nearby items. [Jiyva's grace]
 48367 | Elf:3    | Gained mutation: You are somewhat resistant to further
                  | mutation. [Jiyva's grace]
 48367 | Elf:3    | Gained mutation: You are somewhat resistant to both further
                  | mutation and mutation removal. [Jiyva's grace]
 48367 | Elf:3    | Gained mutation: You are almost entirely resistant to
                  | further mutation and mutation removal. [Jiyva's grace]
 48367 | Elf:3    | Gained mutation: Armour fits poorly on your pseudopods.
                  | [Jiyva's grace]
 48368 | Elf:3    | Found Cyar's Antique Armour Boutique.
 48400 | Elf:3    | Found Duucys's Antique Weapon Shoppe.
 48749 | Elf:3    | Reached skill level 1 in Shapeshifting
 49418 | Elf:3    | Identified the amulet "Giffegh" {Spirit rC+ Str+4 SInv}
 49432 | Elf:3    | Identified the amulet of Moral Flaws {Faith rPois}
 49616 | Elf:3    | Paralysed by an air elemental for 1 turns
 49988 | Elf:3    | Identified the +0 scale mail "Kiguasm" {rElec Dex+4 Slay+5}
 50213 | Elf:3    | Got Zetsiff's Verses on the Sweltering Discharge
 50214 | Elf:3    | Identified the +4 quarterstaff "Jaistrai" {elec, rN+}
 50303 | Elf:3    | Upgraded the game from 0.32-a0-19-g28bc0835a1 to
                  | 0.32-a0-22-g6ae6769602
 50604 | Vaults:1 | Entered Level 1 of the Vaults
 50926 | Vaults:1 | Reached XP level 20. HP: 104/104 MP: 21/40
 51179 | Vaults:1 | Lost mutation: You have a pair of horns on your head.
                  | [Jiyva's grace]
 51179 | Vaults:1 | Lost mutation: You have a pair of small horns on your head.
                  | [Jiyva's grace]
 51179 | Vaults:1 | Lost mutation: You are almost entirely resistant to further
                  | mutation and mutation removal. [Jiyva's grace]
 51179 | Vaults:1 | Lost mutation: Your body is covered in eyes which may
                  | confuse attackers. (Acc +7, SInv) [Jiyva's grace]
 51179 | Vaults:1 | Lost mutation: Armour fits poorly on your pseudopods.
                  | [Jiyva's grace]
 51179 | Vaults:1 | Gained mutation: You expend magic power (3 MP) to
                  | strengthen your wands. [Jiyva's grace]
 51179 | Vaults:1 | Gained mutation: Your natural rate of healing is unusually
                  | fast. [Jiyva's grace]
 51179 | Vaults:1 | Gained mutation: You heal very quickly. [Jiyva's grace]
 51179 | Vaults:1 | Gained mutation: You regenerate. [Jiyva's grace]
 51323 | Vaults:1 | Reached skill level 26 in Necromancy
 51375 | Vaults:1 | Reached skill level 15 in Dodging
 51964 | Vaults:2 | Noticed Margery
 51969 | Vaults:2 | Killed Margery
 51978 | Vaults:2 | Reached skill level 10 in Translocations
 52292 | Vaults:2 | Found a staircase to the Crypt.
 52826 | Vaults:3 | Identified the orb "Vilox" {*channel, Rampage *Corrode
                  | SInv}
 52826 | Vaults:3 | Noticed Frederick
 52836 | Vaults:3 | Shot with a bolt by a yaktaur captain
 52836 | Vaults:3 | Lost a life (1 life remaining)
 52842 | Vaults:3 | Noticed Saint Roka
 53125 | Vaults:3 | Killed Frederick
 53182 | Vaults:3 | Reached XP level 21. HP: 111/111 MP: 24/42
 53182 | Vaults:3 | Gained a life (2 lives remaining)
 53193 | Vaults:3 | Killed Saint Roka
 53244 | Vaults:3 | Lost mutation: You are somewhat resistant to both further
                  | mutation and mutation removal. [Jiyva's grace]
 53244 | Vaults:3 | Lost mutation: You regenerate. [Jiyva's grace]
 53244 | Vaults:3 | Lost mutation: You heal very quickly. [Jiyva's grace]
 53244 | Vaults:3 | Lost mutation: Your body has grown many eyes which may
                  | confuse attackers. (Acc +5) [Jiyva's grace]
 53244 | Vaults:3 | Gained mutation: Your muscles are very strong. (Str +8,
                  | Int/Dex -2) [Jiyva's grace]
 53244 | Vaults:3 | Lost mutation: You are somewhat resistant to further
                  | mutation. [Jiyva's grace]
 53244 | Vaults:3 | Gained mutation: You have hidden genetic potential.
                  | [Jiyva's grace]
 53244 | Vaults:3 | Gained mutation: You have great hidden genetic potential.
                  | [Jiyva's grace]
 53244 | Vaults:3 | Gained mutation: You are strong-willed. (Will+) [Jiyva's
                  | grace]
 53452 | Vaults:3 | Noticed Asterion
 53658 | Vaults:3 | Killed Asterion
 53674 | Vaults:3 | Found Fasmuac's Armour Shoppe.
 53783 | Vaults:3 | Found Xybap's Armour Shop.
 54032 | Vaults:4 | Reached skill level 15 in Translocations
 54788 | Vaults:4 | Lost mutation: Your flesh is cold resistant. (rC+) [Jiyva's
                  | grace]
 54788 | Vaults:4 | Lost mutation: You have great hidden genetic potential.
                  | [Jiyva's grace]
 54788 | Vaults:4 | Lost mutation: You are covered in slimy tendrils that may
                  | disarm your opponents. [Jiyva's grace]
 54788 | Vaults:4 | Gained mutation: You are partially covered in iridescent
                  | scales. (AC +2) [Jiyva's grace]
 54788 | Vaults:4 | Gained mutation: You are mostly covered in iridescent
                  | scales. (AC +4) [Jiyva's grace]
 54788 | Vaults:4 | Gained mutation: You are completely covered in iridescent
                  | scales. (AC +6) [Jiyva's grace]
 54788 | Vaults:4 | Gained mutation: Your system is resistant to poisons.
                  | (rPois) [Jiyva's grace]
 55127 | Crypt:1  | Entered Level 1 of the Crypt
 55202 | Crypt:1  | Learned a level 7 spell: Malign Gateway
 56192 | Crypt:2  | Reached skill level 27 in Necromancy
 56768 | Crypt:2  | Identified the +1 helmet of Ravioli {rPois rN+}
 56780 | Crypt:2  | Lost mutation: You are completely covered in iridescent
                  | scales. (AC +6) [Jiyva's grace]
 56780 | Crypt:2  | Lost mutation: You are mostly covered in iridescent scales.
                  | (AC +4) [Jiyva's grace]
 56780 | Crypt:2  | Lost mutation: Your natural rate of healing is unusually
                  | fast. [Jiyva's grace]
 56780 | Crypt:2  | Lost mutation: Your muscles are very strong. (Str +8,
                  | Int/Dex -2) [Jiyva's grace]
 56780 | Crypt:2  | Gained mutation: You are resistant to electric shocks.
                  | (rElec) [Jiyva's grace]
 56780 | Crypt:2  | Gained mutation: You have a small jelly attached to you
                  | that senses nearby items. [Jiyva's grace]
 56780 | Crypt:2  | Gained mutation: Your melee attacks may engulf your foes in
                  | ooze. [Jiyva's grace]
 56780 | Crypt:2  | Gained mutation: Your rubbery body absorbs attacks. (AC +1,
                  | EV +1) [Jiyva's grace]
 57258 | Crypt:3  | Entered Level 3 of the Crypt
 57513 | Crypt:3  | Found a basalt altar of Yredelemnul.
 57519 | Crypt:3  | Noticed Vv
 57711 | Crypt:3  | Killed Vv
 57712 | Crypt:3  | Reached XP level 22. HP: 10/115 MP: 33/43
 58259 | Crypt:3  | Noticed an ancient lich
 58286 | Crypt:3  | Killed an ancient lich
 58334 | Crypt:3  | Found a staircase to the Tomb.
 58346 | Crypt:3  | Identified the staff of Immorality {rN+ rCorr Str+4 Necro
                  | Air}
 58958 | Depths:1 | Entered Level 1 of the Depths
 59033 | Depths:1 | Found a blossoming altar of Fedhas.
 59376 | Depths:1 | Noticed a golden dragon
 59390 | Depths:1 | Killed a golden dragon
 59424 | Depths:1 | Found a gateway to Hell.
 59476 | Depths:2 | Noticed Norris
 59540 | Depths:2 | Found a transporter.
 59553 | Depths:2 | Killed Norris
 59554 | Depths:2 | Lost mutation: Your body has grown eyes which may confuse
                  | attackers. (Acc +3) [Jiyva's grace]
 59554 | Depths:2 | Gained mutation: You are covered in slimy tendrils that may
                  | disarm your opponents. [Jiyva's grace]
 59554 | Depths:2 | Gained mutation: You have a small jelly attached to you
                  | that may absorb projectiles. [Jiyva's grace]
 59554 | Depths:2 | Gained mutation: You have acidic saliva. [Jiyva's grace]
 59554 | Depths:2 | Gained mutation: Armour fits poorly on your pseudopods.
                  | [Jiyva's grace]
 59737 | Depths:2 | Reached skill level 15 in Summonings
 59803 | Depths:2 | Found a transporter.
 59980 | Depths:2 | Found a one-way gate leading to the halls of Pandemonium.
 60315 | Depths:2 | Identified the ring of Caoruucu {Ice rPois Int-2 Slay+2}
 60317 | Depths:2 | Identified the +8 quarterstaff of Kustro Abeutz {freeze,
                  | rF+}
 60410 | Depths:3 | Noticed Grunn
 60437 | Depths:3 | Killed Grunn
 60457 | Depths:3 | Upgraded the game from 0.32-a0-22-g6ae6769602 to
                  | 0.32-a0-30-gefbe487952
 60619 | Depths:3 | Reached XP level 23. HP: 119/119 MP: 25/46
 60885 | Depths:3 | Found a one-way gate to the infinite horrors of the Abyss.
 60989 | Depths:3 | Gained mutation: You are highly strong-willed. (Will++)
                  | [hidden potential]
 61601 | Depths:4 | Entered Level 4 of the Depths
 62102 | Depths:4 | Learned a level 8 spell: Summon Horrible Things
 62185 | Depths:4 | Found a one-way gateway to a ziggurat.
 62633 | Depths:4 | Found Siulixt's Armour Shop.
 62820 | Depths:4 | Lost mutation: You are resistant to electric shocks.
                  | (rElec) [Jiyva's grace]
 62820 | Depths:4 | Lost mutation: You have a small jelly attached to you that
                  | senses nearby items. [Jiyva's grace]
 62820 | Depths:4 | Gained mutation: You have a pair of small horns on your
                  | head. [Jiyva's grace]
 62820 | Depths:4 | Gained mutation: You have a pair of horns on your head.
                  | [Jiyva's grace]
 62820 | Depths:4 | Gained mutation: You have a pair of large horns on your
                  | head. [Jiyva's grace]
 62820 | Depths:4 | Gained mutation: You are mostly covered in iridescent
                  | scales. (AC +4) [Jiyva's grace]
 63177 | Depths:4 | Found a gate to the Realm of Zot.
 63716 | Orc:2    | Bought a phantom mirror for 920 gold pieces
 63837 | Elf:2    | Bought a scroll of revelation for 240 gold pieces
 63837 | Elf:2    | Bought a scroll of fog for 128 gold pieces
 64000 | D:6      | Bought a box of beasts for 1080 gold pieces
 64000 | D:6      | Bought a potion of curing for 81 gold pieces
 64173 | D:13     | Bought a manual of Evocations for 960 gold pieces
 64612 | Zot:1    | Entered Level 1 of the Realm of Zot
 64813 | Zot:2    | Reached skill level 5 in Shapeshifting
 65123 | Zot:5    | Entered Level 5 of the Realm of Zot
 65124 | Zot:5    | Noticed a dread lich
 65130 | Zot:5    | Got the Orb of Zot
 65213 | Zot:2    | Gained mutation: Your health recovers twice as slowly from
                  | being drained. [a cacodemon]
 65715 | D:$      | Escaped with the Orb!

Illustrated notes

Levels and vault maps discovered:
D:1:      dpeg_arrival_three_smaller_balls, layout_loops_corners,
          minmay_misc_feat_x, minmay_misc_feat_cross, grunt_decor_resistance
D:2:      kennysheep_big_flooded_room, layout_basic, basic_ecumenical_altar,
          basic_altar, uniq_sigmund, uniq_terence
D:3:      layout_rooms, lemuel_zombie_altar_yredelemnul,
          minmay_misc_feat_nine_boxes, chequers_serial_rivers_marsh
D:4:      layout_cave_pools, mainiacjoe_overflow_tiny_flanked, temple_hall,
          mainiacjoe_sewer_entry_somewhere_in_here_1
D:5:      layout_loops_corners, gammafunk_ghost_arena, moated_statue,
          minmay_manual_moon
D:6:      layout_rooms, serial_shops, nicolae_lakefront_shop,
          serial_bayou_pond_d, chequers_serial_rivers_small_3
D:7:      layout_layer_cave, grunt_decor_junction
D:8:      layout_loops_ring, mainiacjoe_overflow_swirl, erik_lair_island,
          serial_bayou_lagoon_a, hangedman_abyss_or_decor_slice
D:9:      kennysheep_spiral_hall, layout_cave_pools, david_orc_2, serial_shops,
          shop
D:10:     layout_basic
D:11:     layout_stronghold, gammafunk_ghost_ooze
D:12:     minmay_inside_and_out, layout_loops_ring
D:13:     layout_roguey, nicolae_shop_vocational
D:14:     layout_small_grid, hellmonk_vaults_order_and_chaos, fountainhead,
          nicolae_ru_awakened_eye, uniq_agnes
D:15:     grunt_enter_depths_giant_problem, layout_stronghold
Temple:   regret_index_temple_mists
Lair:1:   layout_cave_pods, gammafunk_ghost_wrathful_warriors,
          gauntlet_entry_generic, lemuel_fruit_tree
Lair:2:   layout_misc_corridors, swamp_mist_pool, alex1729_snake_entry_snake
Lair:3:   layout_roguey, gammafunk_ghost_necromancy, st_stairs_7,
          small_statue_intersection
Lair:4:   layout_roguey, serial_bayou_shore_a, grunt_megastairs_3,
          serial_bayou_shore_b
Lair:5:   minmay_lair_end_enchanted_forest, layout_cave_pods,
          dpeg_slime_entry_enclosed, uniq_josephine
Swamp:1:  layout_basic_swamp, evilmike_swamp_ruin_house_6
Swamp:2:  layout_basic_swamp, hangedman_swamp_ruin_wall
Swamp:3:  layout_basic_swamp, portal_ice_cave_entry_ice_simulacra,
          gammafunk_ghost_berserking_beasts, evilmike_swamp_ruin_house_2,
          swamp_pool_5
Swamp:4:  swamp_icy, layout_basic_swamp, swamp_pool_1_2
Snake:1:  layout_misc_corridors, nicolae_snake_omega
Snake:2:  layout_onion_interference, grunt_megastairs_1
Snake:3:  layout_cave_pods, serial_bayou_lake_a, nicolae_triple_integral
Snake:4:  grunt_snake_rune_spirals, layout_onion_interference, uniq_aizul,
          uniq_vashnia
Slime:1:  layout_caves
Slime:2:  layout_caves
Slime:3:  layout_caves, nicolae_slime_crime_time
Slime:4:  layout_caves, dissolution_awaits
Slime:5:  slime_pit_nicolae_jellycorners
Orc:1:    layout_caves, basic_altar, serial_shops,
          nicolae_shop_tiny_statue_garden
Orc:2:    st_orc_rangers, layout_diamond_mine, serial_shops,
          nicolae_shop_crystal, basic_altar
Elf:1:    eino_elf_arrival_altar, layout_loops_cross, serial_shops,
          bzr_entry_road, hangedman_elf_represent
Elf:2:    elven_hall_of_blades_hangedman_alternative [nicolae_blade_tridents],
          layout_gridlike, minivault_25_ag, minmay_shop_star, uniq_louise
Elf:3:    minmay_elf_hall, layout_geoelf_castle, mu_enter_wizlab_2,
          serial_shops, shop, nicolae_wooded_promenade,
          serial_sigils_hangedman_quiver, amcnicky_mini_corridor_feature
Vaults:1: nicolae_vaults_frosty_reception, v_misc_25, vaults_room_guarded_vault,
          nicolae_vaults_disjoint_gnomons, v_misc_9, ontoclasm_vaults_gateway,
          nicolae_vaults_closet_pinwheel_5, nicolae_vaults_little_ls,
          nicolae_vaults_storage_closets_3, nicolae_vaults_little_squares_1,
          nicolae_vaults_closet_pinwheel_5, layout_vaults_maze_snakey
Vaults:2: nicolae_vaults_shrinking_rooms_1, minmay_crypt_entry_simple_statues,
          vaults_dpeg_ring, nicolae_vaults_yaktaur_gun_rack,
          ontoclasm_vaults_spin, v_misc_4, v_misc_24, nicolae_vaults_wrenched,
          hangedman_vaults_cutoff, vaults_dpeg_emergency_exit,
          ontoclasm_vaults_idyll, ontoclasm_vaults_idyll,
          nicolae_vaults_shipping_containers_4, nicolae_vaults_little_squares_4,
          layout_vaults_ring, uniq_margery
Vaults:3: v_misc_29, nicolae_vaults_closet_pinwheel_3,
          nicolae_vaults_surprise_closet_hard, nicolae_vaults_shrinking_rooms_2,
          hangedman_vaults_stream, vaults_mumra_hex, nicolae_vaults_house_1,
          nicolae_vaults_taking_the_gang_shopping, nicolae_vaults_circle_grid_a,
          layout_vaults_omnibox, serial_shops, shop, uniq_frederick,
          uniq_saint_roka, uniq_asterion
Vaults:4: v_misc_3, ontoclasm_vaults_eye, nicolae_vaults_house_2, v_misc_16,
          grunt_vaults_trifunnel, nicolae_vaults_angled_halls,
          dpeg_vaults_monster_box, nicolae_vaults_tetromino_Z_2,
          layout_vaults_omnigrid
Crypt:1:  layout_chaotic_city, grunt_crypt_arrival_split
Crypt:2:  layout_gridlike, serial_library_regret_index_closets,
          skrybe_necro_troll_2
Crypt:3:  grunt_crypt_end_deaths_head, uniq_vv
Depths:1: layout_big_octagon, fedhas_altar_2, hellmouth_1,
          kennysheep_underground_church
Depths:2: gammafunk_its_a_trap, layout_cave_pools, rand_demon_pan_entry_9,
          hangedman_coc_ice_floe, minmay_statues_item, serial_bayou_shore_b,
          uniq_norris
Depths:3: four-leaf_vault, layout_honeycomb, serial_glass, glass_columns_a,
          glass_columns_a, glass_columns_c, glass_columns_b,
          infiniplex_staircase_pool_2, abyss_entry, hell_entry, uniq_grunn
Depths:4: evilmike_zot_entry_round, layout_basic, enter_ziggurat_c,
          grunt_mini_vestibule, abyss_entry_small_statue_room,
          hangedman_abyss_or_decor_stagger, serial_shops,
          nicolae_shop_waterfront, grunt_pan_entry_zigzag, serial_bayou_shore_b
Zot:1:    layout_gridlike, skrybe_zot_glass_2
Zot:2:    layout_misc_corridors, lemuel_lich_library, uniq_tiamat
Zot:3:    lemuel_firehouse, layout_onion_interference,
          regret_index_zotdec_icy_dp, regret_index_zotdec_ex, st_stairs_6
Zot:4:    layout_onion_interference
Zot:5:    layout_basic, drop_trap

Skill      XL: |  1  2  3  4  5  6  7  8  9 10 11 12 13 14 15 16 17 18 19 20 21 22 23 |
---------------+----------------------------------------------------------------------+-----
Spellcasting   | 3 4 5 6 7 8 9 10 12 14 15 16 18 19 | 19.0
Summonings     | 5 6 7 8 9 10 11 12 15 18 | 18.5
Fire Magic     | 1 2 3 4 5 |  5.0
Air Magic      | 1 3 4 5 |  5.2
Dodging        | 5 9 10 11 13 15 | 15.2
Fighting       | 2 4 5 7 9 10 12 | 12.0
Hexes          | 5 7 8 |  8.0
Necromancy     | 2 4 7 11 14 17 20 22 24 25 26 27 | 27.0
Translocations | 1 5 13 17 | 17.5
Evocations     | 1 3 5 |  5.0
Shapeshifting  | 4 5 |  5.7
Stealth        | |  2.6

Action                     |  1- 3 |  4- 6 |  7- 9 | 10-12 | 13-15 | 16-18 | 19-21 | 22-24 || total
---------------------------+-------+-------+-------+-------+-------+-------+-------+-------++-------
  Melee: Unarmed           |     2 |    17 |     8 |    24 |    22 |    22 |    15 |    13 ||   123
         Bite              |       |     3 |     3 |       |     3 |     4 |     5 |     1 ||    19
         Punch             |       |       |     1 |     1 |       |       |       |       ||     2
         Headbutt          |       |       |       |       |       |       |     2 |       ||     2
         Pseudopods        |       |       |       |       |       |       |       |     1 ||     1
   Cast: Summon Small Mamm |    61 |    29 |    23 |       |       |       |       |       ||   113
         Call Canine Famil |     1 |    20 |    50 |    51 |    55 |    10 |       |       ||   187
         Summon Blazeheart |       |       |    26 |    85 |   125 |    28 |     1 |     1 ||   266
         Summon Lightning  |       |       |    20 |    66 |   135 |    18 |       |       ||   239
         Anguish           |       |       |       |     8 |    58 |   106 |   104 |    63 ||   339
         Blink             |       |       |       |     4 |    12 |     3 |     2 |     2 ||    23
         Death Channel     |       |       |       |       |    39 |    81 |    57 |    45 ||   222
         Haunt             |       |       |       |       |    32 |   261 |   345 |   247 ||   885
         Infestation       |       |       |       |       |       |    96 |   217 |   163 ||   476
         Passage of Golubr |       |       |       |       |       |     1 |       |       ||     1
         Death's Door      |       |       |       |       |       |     3 |    14 |     6 ||    23
         Malign Gateway    |       |       |       |       |       |       |     6 |    16 ||    22
         Summon Horrible T |       |       |       |       |       |       |       |    10 ||    10
         Apportation       |       |       |       |       |       |       |       |     2 ||     2
 Invoke: Receive Forbidden |       |       |       |       |     1 |       |       |       ||     1
         Unearth Wretches  |       |       |       |       |    23 |       |       |       ||    23
  Evoke: Wand              |       |       |       |       |    12 |       |     3 |    10 ||    25
    Use: Scroll            |     1 |       |    11 |    18 |    10 |    10 |     8 |    10 ||    68
         Potion            |       |       |     2 |     3 |     6 |     7 |     3 |     5 ||    26
   Stab: Paralysed         |       |       |       |       |     5 |       |       |       ||     5
         Invisible         |       |       |       |       |     1 |       |       |       ||     1
         Distracted        |       |       |       |       |       |     2 |     1 |       ||     3
 Armour: Skin              |     5 |    14 |    28 |    66 |    89 |   142 |   134 |   137 ||   615
  Dodge: Dodged            |     9 |    24 |    55 |   136 |   305 |   287 |   190 |   190 ||  1196

Table legend: (Time is in decaauts)
 A = Elapsed time spent in this place.
 B = Non-inter-level travel time spent in this place.
 C = Inter-level travel time spent in this place.
 D = Time resting spent in this place.
 E = Time spent auto-exploring this place.
 F = Levels seen in this place.
 G = Mean time per level.
                   A        B        C        D        E       F      G
               +--------+--------+--------+--------+--------+-----+--------+
         Total |  66175 |  58628 |   7547 |   5902 |  34134 |  58 | 1140.9 |
       Dungeon |  22630 |  19848 |   2782 |   1800 |  13561 |  15 | 1508.7 |
        Temple |     23 |      3 |     20 |      0 |      0 |   1 |   23.0 |
          Lair |  11863 |  10657 |   1206 |   1573 |   6470 |   5 | 2372.6 |
         Swamp |   3019 |   2775 |    244 |     33 |   1718 |   4 |  754.8 |
     Snake Pit |   3787 |   3390 |    397 |     51 |   1913 |   4 |  946.8 |
    Slime Pits |   2272 |   2075 |    197 |    150 |   1333 |   5 |  454.4 |
  Orcish Mines |   3313 |   2979 |    334 |   1060 |    873 |   2 | 1656.5 |
   Elven Halls |   4011 |   3454 |    557 |    147 |   1567 |   3 | 1337.0 |
        Vaults |   4828 |   4156 |    672 |    140 |   2842 |   4 | 1207.0 |
         Crypt |   3689 |   3308 |    381 |    661 |   1112 |   3 | 1229.7 |
        Depths |   4771 |   4183 |    588 |    153 |   2077 |   4 | 1192.8 |
           Zot |    684 |    519 |    165 |     28 |      0 |   5 |  136.8 |
        Bazaar |     58 |     58 |      0 |      0 |     35 |   1 |   58.0 |
         Sewer |   1214 |   1214 |      0 |    105 |    630 |   1 | 1214.0 |
        Wizlab |      6 |      6 |      0 |      0 |      0 |   1 |    6.0 |
               +--------+--------+--------+--------+--------+-----+--------+

Top non-repeatable levels by time:
  Lair:5: 4935 daAuts
     D:5: 2840 daAuts
     D:7: 2502 daAuts
     D:8: 2147 daAuts
  Lair:4: 2140 daAuts
   Elf:3: 2081 daAuts
   Orc:2: 2056 daAuts
Depths:4: 1884 daAuts
     D:2: 1774 daAuts
  Lair:2: 1752 daAuts
    D:12: 1663 daAuts
     D:1: 1601 daAuts
  Lair:1: 1586 daAuts
 Crypt:3: 1480 daAuts
Vaults:2: 1460 daAuts
